AoeStats
← WhiteBr0nc0

Arabia

506282488Analyzed
4v4 RM · 20d ago on Sep 13, 2026· 67m 26s· 8 players
Game mode
Random Map
Map size
Large (8 player)
Population
200
Speed
Normal
Resources
Standard
Victory
Conquest
Starting age
Dark Age
Ending age
Imperial Age
RankedLock teamsTeams togetherTeam positionsShared explorationLock speedFull tech treeHidden civsTurbo modeCheats
Victory
Defeat
🇦🇷 Mongols · Argentina
1111
+12
🇦🇷 Lithuanians · Argentina
959
+18
🇦🇷 Goths · Argentina
803
+25
🇦🇷 Britons · Argentina
777
+26
🇨🇱 Burgundians · Chile
1047
-21
🇨🇴 Aztecs · Colombia
1020
-21
🇨🇿 Persians · Czechia
992
-20
🇺🇸 Celts · United States
977
-19
WhiteBr0nc0
7:55 Loom
9:52 Feudal Age
12:04 Double-Bit Axe
12:02 Horse Collar
16:43 Man-at-Arms
19:57 Fletching
22:39 Castle Age
20:55 Scale Mail Armor
22:29 Gold Mining
23:02 Forging
23:01 Long Swordsman
24:25 Chain Mail Armor
25:21 Wheelbarrow
25:01 Arson
33:27 Iron Casting
54:42 Imperial Age
53:47 Pikeman
55:38 Bow Saw
55:19 Halberdier
57:33 Plate Mail Armor
58:37 Blast Furnace
Setroc
1:16 Loom
11:47 Feudal Age
12:25 Horse Collar
19:12 Castle Age
18:08 Double-Bit Axe
18:04 Man-at-Arms
23:19 Pikeman
25:02 Long Swordsman
25:25 Eagle Warrior
26:36 Gambesons
26:55 Squires
37:07 Wheelbarrow
37:01 Bow Saw
42:32 Forging
42:23 Scale Mail Armor
46:59 Imperial Age
44:46 Hand Cart
46:04 Heavy Plow
46:41 Iron Casting
46:22 Chain Mail Armor
46:10 Arson
46:55 Murder Holes
48:51 Crop Rotation
50:21 Blast Furnace
49:55 Garland Wars
51:40 Two-Handed Swordsman
53:33 Elite Eagle Warrior
56:22 Champion
58:16 Caravan
61:20 Conscription
GERMANICO7222
6:46 Loom
10:41 Feudal Age
9:09 Double-Bit Axe
12:07 Horse Collar
16:09 Scale Barding Armor
17:22 Forging
21:50 Gold Mining
22:11 Bow Saw
24:32 Castle Age
22:58 Heavy Plow
23:36 Gold Shaft Mining
25:31 Cavalier
26:12 Husbandry
26:51 Wheelbarrow
25:47 Light Cavalry
26:53 Chain Barding Armor
35:13 Squires
34:58 Arson
35:22 Scale Mail Armor
37:29 Stone Mining
38:04 Hand Cart
37:35 Town Watch
38:26 Chain Mail Armor
40:07 Iron Casting
46:41 Stone Shaft Mining
46:38 Crop Rotation
47:11 Two-Man Saw
48:44 Imperial Age
47:21 Ballistics
46:58 Fletching
47:08 Padded Archer Armor
46:32 Elite Skirmisher
49:23 Bodkin Arrow
49:43 Leather Archer Armor
53:28 Chemistry
52:33 Bracer
53:02 Burgundian Vineyards
52:36 Flemish Revolution
55:23 Flemish Revolution
ladek23
0:29 Loom
11:22 Feudal Age
12:16 Horse Collar
23:48 Castle Age
23:47 Fletching
23:49 Double-Bit Axe
24:59 Pikeman
25:51 Squires
28:03 Bow Saw
28:34 Heavy Plow
28:34 Town Watch
30:44 Scale Mail Armor
30:39 Bodkin Arrow
32:01 Wheelbarrow
33:36 Bloodlines
33:27 Husbandry
33:57 Hand Cart
34:12 Forging
34:18 Chain Mail Armor
34:59 Ballistics
37:11 Masonry
38:08 Gold Mining
38:57 Iron Casting
39:29 Scale Barding Armor
43:30 Imperial Age
43:09 Cavalier
44:46 Architecture
44:51 Plate Mail Armor
45:02 Savar
45:10 Savar
46:30 Crop Rotation
47:35 Chain Barding Armor
48:16 Blast Furnace
50:03 Two-Man Saw
49:57 Conscription
50:16 Halberdier
51:37 Plate Barding Armor
52:02 Murder Holes
53:11 Light Cavalry
57:38 Hussar
58:27 Caravan
59:31 Hoardings
60:21 Town Patrol
63:51 Citadels
[Vishero]-R1char
4:06 Loom
13:26 Feudal Age
14:10 Man-at-Arms
14:51 Double-Bit Axe
14:48 Horse Collar
18:15 Wheelbarrow
24:09 Castle Age
22:54 Stone Mining
22:54 Gold Mining
24:29 Forging
24:19 Scale Mail Armor
24:57 Heavy Plow
28:38 Anarchy
34:45 Long Swordsman
39:50 Caravan
40:27 Coinage
41:38 Squires
41:05 Pikeman
47:28 Imperial Age
46:30 Hand Cart
46:40 Hand Cart
47:34 Halberdier
48:45 Guilds
49:08 Banking
50:41 Iron Casting
50:21 Chain Mail Armor
50:30 Chain Mail Armor
50:23 Scale Barding Armor
50:09 Town Watch
53:28 Town Patrol
54:51 Blast Furnace
57:52 Perfusion
[Vsh]-WinZerdo
3:25 Loom
11:51 Feudal Age
17:18 Castle Age
15:39 Double-Bit Axe
19:25 Wheelbarrow
20:14 Husbandry
23:49 Scale Barding Armor
26:03 Hand Cart
31:57 Chain Barding Armor
32:40 Bloodlines
33:23 Forging
35:20 Iron Casting
40:12 Imperial Age
41:58 Plate Barding Armor
40:45 Cavalier
42:00 Caravan
44:10 Conscription
43:41 Paladin
48:41 Chemistry
49:18 Ballistics
49:29 Bow Saw
51:28 Elite Leitis
65:36 Two-Man Saw
64:17 Horse Collar
[Vsh]-Shaka_Arg
6:42 Loom
10:04 Feudal Age
10:35 Double-Bit Axe
15:29 Horse Collar
17:16 Wheelbarrow
21:10 Castle Age
20:14 Bloodlines
20:12 Scale Barding Armor
20:18 Forging
20:01 Gold Mining
22:27 Chain Barding Armor
22:53 Husbandry
23:22 Bow Saw
25:39 Heavy Plow
34:17 Stone Mining
35:02 Gold Shaft Mining
34:04 Light Cavalry
39:23 Imperial Age
38:32 Fletching
39:05 Ballistics
40:07 Stone Shaft Mining
39:24 Elite Mangudai
40:04 Bodkin Arrow
41:16 Chemistry
41:46 Bracer
41:46 Padded Archer Armor
41:37 Town Watch
42:07 Hand Cart
42:54 Conscription
43:07 Hussar
44:08 Leather Archer Armor
49:47 Iron Casting
51:12 Capped Ram
52:58 Drill
52:29 Siege Ram
59:54 Parthian Tactics
59:35 Thumb Ring
64:43 Heavy Cavalry Archer
[Vsh]-Choco
2:20 Loom
10:44 Feudal Age
13:34 Double-Bit Axe
13:32 Horse Collar
15:52 Stone Mining
15:53 Gold Mining
24:44 Castle Age
28:23 Bow Saw
29:21 Gold Shaft Mining
29:01 Caravan
30:08 Fletching
30:18 Padded Archer Armor
30:02 Pikeman
30:42 Squires
35:56 Squires
41:09 Murder Holes
Connection lost

Rejoining the realm…

Still unreachable

The connection could not be restored.

Session expired

The server has moved on; the page needs a fresh start.